PAA
SPRINGFIELD SHOOTERS @ MYRTLE BEACH MERMEN
08/16/2023
 
TOP OF THE 1ST
Springfield Shooters batting - Pitching for Myrtle Beach Mermen : RHP Juan Martínez
Pitching: RHP Juan Martínez
Batting: SHB Albert Santos 0-0: Ball
1-0: Ball
2-0: Ball
3-0: Base on Balls
Batting: RHB Michael Hicks 0-0: SINGLE (Groundball, 56D)
Albert Santos to second
Batting: SHB Jared Jefferson 0-0: Ground out 4-3 (Groundball, 4M)
Albert Santos to third
Michael Hicks to second
Batting: RHB Ethan Miller 0-0: Swinging Strike
0-1: Called Strike
0-2: Strikes out swinging
Batting: RHB Roy Herring 0-0: Foul Ball, location: 2F
0-1: Swinging Strike
0-2: Strikes out looking
Top of the 1st over - 0 run(s), 1 hit(s), 0 error(s), 2 left on base; Springfield 0 - Myrtle Beach 0
BOTTOM OF THE 1ST
Myrtle Beach Mermen batting - Pitching for Springfield Shooters : RHP Jim Unknown
Pitching: RHP Jim Unknown
Batting: LHB Juan Villanueva 0-0: Foul Ball, location: 2F
0-1: Swinging Strike
0-2: Fly out, F7 (Popup, 56D)
Batting: RHB Matt Love 0-0: Ball
1-0: Ball
2-0: SINGLE (Groundball, 56D) (infield hit)
Batting: RHB Jorge Baker 0-0: Ball
1-0: SINGLE (Groundball, 56D)
Matt Love to second
Batting: LHB Joe Cashmore 0-0: Ball
1-0: Ball
2-0: Called Strike
2-1: Foul Ball, location: 2F
2-2: Ball
3-2: Foul Ball, location: 2F
3-2: Strikes out looking
Batting: RHB Scott Zijm 0-0: SINGLE (Flyball, 8RS)
Matt Love to third
Jorge Baker to second
Runner from 3rd tries for Home, SAFE, no throw or cutoff
Batting: RHB Javier Robles 0-0: Fly out, F4 (Popup, 4D)
Bottom of the 1st over - 1 run(s), 3 hit(s), 0 error(s), 2 left on base; Springfield 0 - Myrtle Beach 1
TOP OF THE 2ND
Springfield Shooters batting - Pitching for Myrtle Beach Mermen : RHP Juan Martínez
Batting: LHB Brad Shockley 0-0: SINGLE (Groundball, 6MD)
Batting: RHB Lee Charles 0-0: Called Strike
0-1: Ball
1-1: Ball
2-1: Ground out 6-3 (Groundball, 6MS)
Brad Shockley to second
Batting: RHB David Abreu 0-0: Ball
1-0: Foul Ball, location: 2F
1-1: Fly out, F7 (Flyball, 78D)
Batting: SHB Eugene Bentley 0-0: Called Strike
0-1: Swinging Strike
0-2: Ground out 6-3 (Groundball, 6M)
Top of the 2nd over - 0 run(s), 1 hit(s), 0 error(s), 1 left on base; Springfield 0 - Myrtle Beach 1
BOTTOM OF THE 2ND
Myrtle Beach Mermen batting - Pitching for Springfield Shooters : RHP Jim Unknown
Batting: RHB Sancho Romero 0-0: Fly out, F8 (Flyball, 8RS)
Batting: RHB Jimmy Dawson 0-0: Fly out, F4 (Line Drive, 4)
Batting: SHB David Vázquez 0-0: Foul Ball, location: 2F
0-1: Ball
1-1: Fly out, F8 (Flyball, 8LD)
Bottom of the 2nd over - 0 run(s), 0 hit(s), 0 error(s), 0 left on base; Springfield 0 - Myrtle Beach 1
TOP OF THE 3RD
Springfield Shooters batting - Pitching for Myrtle Beach Mermen : RHP Juan Martínez
Batting: SHB Albert Santos 0-0: Called Strike
0-1: Ball
1-1: Swinging Strike
1-2: Ball
2-2: Ground out 3-1 (Groundball, 34)
Batting: RHB Michael Hicks 0-0: Swinging Strike
0-1: Swinging Strike
0-2: Ball
1-2: Strikes out swinging
Batting: SHB Jared Jefferson 0-0: Called Strike
0-1: Ball
1-1: SINGLE (Line Drive, 6MD)
Batting: RHB Ethan Miller 0-0: Ball
1-0: Foul Ball, location: 2F
1-1: SINGLE (Groundball, 56)
Jared Jefferson to second
Batting: RHB Roy Herring 0-0: Ball
1-0: Called Strike
1-1: Ball
2-1: Swinging Strike
2-2: Strikes out swinging
Top of the 3rd over - 0 run(s), 2 hit(s), 0 error(s), 2 left on base; Springfield 0 - Myrtle Beach 1
BOTTOM OF THE 3RD
Myrtle Beach Mermen batting - Pitching for Springfield Shooters : RHP Jim Unknown
Batting: LHB Juan Villanueva 0-0: Ball
1-0: Ball
2-0: Called Strike
2-1: Foul Ball, location: 2F
2-2: Strikes out swinging
Batting: RHB Matt Love 0-0: Ground out 5-3 (Groundball, 5S)
Batting: RHB Jorge Baker 0-0: Ball
1-0: SINGLE (Groundball, 6MD)
Batting: LHB Joe Cashmore 0-0: Foul Ball, location: 2F
0-1: Swinging Strike
0-2: Strikes out swinging
Bottom of the 3rd over - 0 run(s), 1 hit(s), 0 error(s), 1 left on base; Springfield 0 - Myrtle Beach 1
TOP OF THE 4TH
Springfield Shooters batting - Pitching for Myrtle Beach Mermen : RHP Juan Martínez
Batting: LHB Brad Shockley 0-0: Swinging Strike
0-1: Fly out, F8 (Flyball, 8RM)
Batting: RHB Lee Charles 0-0: Ball
1-0: Foul Ball, location: 2F
1-1: Ball
2-1: Foul Ball, location: 2F
2-2: Ball
3-2: Strikes out looking
Batting: RHB David Abreu 0-0: Ball
1-0: Ground out 5-3 (Groundball, 56S)
Top of the 4th over - 0 run(s), 0 hit(s), 0 error(s), 0 left on base; Springfield 0 - Myrtle Beach 1
BOTTOM OF THE 4TH
Myrtle Beach Mermen batting - Pitching for Springfield Shooters : RHP Jim Unknown
Batting: RHB Scott Zijm 0-0: Foul Ball, location: 2F
0-1: Ball
1-1: Ball
2-1: Fly out, F8 (Flyball, 8RD)
Batting: RHB Javier Robles 0-0: SINGLE (Line Drive, 6MD)
Batting: RHB Sancho Romero 0-0: Ball
1-0: 2-RUN HOME RUN (Flyball, 7LD), Distance : 345 ft
Batting: RHB Jimmy Dawson 0-0: Fly out, F8 (Flyball, 8LS)
Batting: SHB David Vázquez 0-0: Called Strike
0-1: Ball
1-1: Foul Ball, location: 2F
1-2: Strikes out swinging
Bottom of the 4th over - 2 run(s), 2 hit(s), 0 error(s), 0 left on base; Springfield 0 - Myrtle Beach 3
TOP OF THE 5TH
Springfield Shooters batting - Pitching for Myrtle Beach Mermen : RHP Juan Martínez
Batting: SHB Eugene Bentley 0-0: SINGLE (Groundball, 56)
Batting: SHB Albert Santos 0-0: Sac Bunt - play at first, batter OUT! 5-3
Eugene Bentley to second
Batting: RHB Michael Hicks 0-0: Called Strike
0-1: Ball
1-1: Ball
2-1: Foul Ball, location: 2F
2-2: Fly out, F9 (Flyball, 9LD)
Runner from 2nd tags up, SAFE at 3rd, no throw
Batting: SHB Jared Jefferson 0-0: Ball
1-0: Swinging Strike
1-1: Ball
2-1: Ground out 4-3 (Groundball, 4)
Top of the 5th over - 0 run(s), 1 hit(s), 0 error(s), 1 left on base; Springfield 0 - Myrtle Beach 3
BOTTOM OF THE 5TH
Myrtle Beach Mermen batting - Pitching for Springfield Shooters : RHP Jim Unknown
Batting: LHB Juan Villanueva 0-0: Ball
1-0: Called Strike
1-1: Ball
2-1: SINGLE (Line Drive, 8LS)
Batting: RHB Matt Love 0-0: Bunted foul
0-1: Ball
1-1: Ball
2-1: Sac Bunt - play at first, batter OUT! U3
Juan Villanueva to second
Batting: RHB Jorge Baker 0-0: Foul Ball, location: 2F
0-1: SINGLE (Flyball, 4MD)
Juan Villanueva to third
Batting: LHB Joe Cashmore 0-0: Foul Ball, location: 2F
0-1: Ball
1-1: Ball
2-1: Ball
3-1: Base on Balls
Jorge Baker to second
Batting: RHB Scott Zijm 0-0: Ball
1-0: Grounds into fielders choice 1-2 (Groundball, 23)
Jorge Baker to third
Joe Cashmore to second
Batting: RHB Javier Robles 0-0: Called Strike
0-1: Foul Ball, location: 2F
0-2: Ball
1-2: Ball
2-2: Foul Ball, location: 2F
2-2: Ball
3-2: Fly out, F3 (Line Drive, 3)
Bottom of the 5th over - 0 run(s), 2 hit(s), 0 error(s), 3 left on base; Springfield 0 - Myrtle Beach 3
TOP OF THE 6TH
Springfield Shooters batting - Pitching for Myrtle Beach Mermen : RHP Juan Martínez
Batting: RHB Ethan Miller 0-0: Ball
1-0: Ball
2-0: Called Strike
2-1: Foul Ball, location: 2F
2-2: SINGLE (Groundball, 6MD)
Batting: RHB Roy Herring 0-0: Fielders Choice at 2nd, 6-4 (Groundball, 56)
Batting: LHB Brad Shockley 0-0: Called Strike
0-1: Ball
1-1: Ball
2-1: Ball
3-1: Fly out, F8 (Flyball, 8LM)
Batting: RHB Lee Charles 0-0: Ball
1-0: Foul Ball, location: 2F
1-1: Called Strike
1-2: Ball
2-2: Ball
3-2: Strikes out swinging
Top of the 6th over - 0 run(s), 1 hit(s), 0 error(s), 1 left on base; Springfield 0 - Myrtle Beach 3
BOTTOM OF THE 6TH
Myrtle Beach Mermen batting - Pitching for Springfield Shooters : RHP Jim Unknown
Batting: RHB Sancho Romero 0-0: Ground out 6-3 (Groundball, 6)
Batting: RHB Jimmy Dawson 0-0: Ball
1-0: Ball
2-0: Ball
3-0: Called Strike
3-1: Ground out 6-3 (Groundball, 6M)
Batting: SHB David Vázquez 0-0: Ball
1-0: Foul Ball, location: 2F
1-1: SINGLE (Groundball, 5D)
Batting: LHB Juan Villanueva 0-0: Called Strike
0-1: Ball
1-1: Ball
2-1: Swinging Strike
2-2: Ball
3-2: Foul Ball, location: 2F
3-2: Fly out, F9 (Flyball, 89M)
Bottom of the 6th over - 0 run(s), 1 hit(s), 0 error(s), 1 left on base; Springfield 0 - Myrtle Beach 3
TOP OF THE 7TH
Springfield Shooters batting - Pitching for Myrtle Beach Mermen : RHP Juan Martínez
Batting: RHB David Abreu 0-0: Ball
1-0: SINGLE (Groundball, 56D)
Batting: SHB Eugene Bentley 0-0: Ball
1-0: SINGLE (Line Drive, 8LS)
David Abreu to second
Batting: SHB Albert Santos 0-0: Called Strike
0-1: Fly out, F7 (Flyball, 7M)
Batting: RHB Michael Hicks 0-0: Swinging Strike
0-1: Ball
1-1: Called Strike
1-2: Strikes out swinging
Batting: SHB Jared Jefferson 0-0: Ball
1-0: Foul Ball, location: 2F
1-1: Swinging Strike
1-2: Ball
2-2: Ball
3-2: Fly out, F7 (Flyball, 7M)
Top of the 7th over - 0 run(s), 2 hit(s), 0 error(s), 2 left on base; Springfield 0 - Myrtle Beach 3
BOTTOM OF THE 7TH
Myrtle Beach Mermen batting - Pitching for Springfield Shooters : RHP Jim Unknown
Batting: RHB Matt Love 0-0: Called Strike
0-1: Reached on Error, E8 (Flyball, 8RM)
Batting: RHB Jorge Baker 0-0: Ball
Pickoff Throw to First - Out!
1-0: Called Strike
1-1: Called Strike
1-2: Ground out 5-3 (Groundball, 56)
Batting: LHB Joe Cashmore 0-0: Ball
1-0: Fly out, F7 (Flyball, 7D)
Bottom of the 7th over - 0 run(s), 0 hit(s), 1 error(s), 0 left on base; Springfield 0 - Myrtle Beach 3
TOP OF THE 8TH
Springfield Shooters batting - Pitching for Myrtle Beach Mermen : RHP Juan Martínez
Batting: RHB Ethan Miller 0-0: Called Strike
0-1: Foul Ball, location: 2F
0-2: Ground out 4-3 (Groundball, 4)
Batting: RHB Roy Herring 0-0: Ball
1-0: SINGLE (Groundball, 6MD)
Batting: LHB Brad Shockley 0-0: Ball
1-0: Foul Ball, location: 2F
1-1: Ball
Wild Pitch!
Roy Herring to second
2-1: Foul Ball, location: 2F
2-2: Ground out 4-3 (Groundball, 4)
Roy Herring to third
Batting: RHB Lee Charles 0-0: Called Strike
0-1: Ball
1-1: Foul Ball, location: 2F
1-2: 2-RUN HOME RUN (Line Drive, 7D), Distance : 354 ft
Batting: RHB David Abreu 0-0: Called Strike
0-1: Ball
1-1: Called Strike
1-2: Foul Ball, location: 2F
1-2: Ground out 6-3 (Groundball, 6)
Top of the 8th over - 2 run(s), 2 hit(s), 0 error(s), 0 left on base; Springfield 2 - Myrtle Beach 3
BOTTOM OF THE 8TH
Myrtle Beach Mermen batting - Pitching for Springfield Shooters : RHP Jim Unknown
Batting: RHB Scott Zijm 0-0: Foul Ball, location: 2F
0-1: Ball
1-1: Ground out 4-3 (Groundball, 4)
Batting: RHB Javier Robles 0-0: Fly out, F9 (Line Drive, 89M)
Batting: RHB Sancho Romero 0-0: Called Strike
0-1: Swinging Strike
0-2: Ball
1-2: Strikes out swinging
Bottom of the 8th over - 0 run(s), 0 hit(s), 0 error(s), 0 left on base; Springfield 2 - Myrtle Beach 3
TOP OF THE 9TH
Springfield Shooters batting - Pitching for Myrtle Beach Mermen : RHP Juan Martínez
Pitching: RHP Culley Adjeng
Now at 3B: Carlos Gómez
Now in CF: Ryan Carr
Batting: SHB Eugene Bentley 0-0: Called Strike
0-1: Called Strike
0-2: Ball
1-2: Foul Ball, location: 2F
1-2: Foul Ball, location: 2F
1-2: Ball
2-2: Foul Ball, location: 2F
2-2: Fly out, F8 (Flyball, 8LD)
Batting: SHB Albert Santos 0-0: Ball
1-0: Fly out, F8 (Flyball, 8LM)
Batting: RHB Michael Hicks 0-0: Called Strike
0-1: Ground out 1-3 (Groundball, 15S)
Top of the 9th over - 0 run(s), 0 hit(s), 0 error(s), 0 left on base; Springfield 2 - Myrtle Beach 3
This league is powered by Out of the Park Baseball, the baseball management simulation game for PC, Mac and Linux
Friday, July 8th, 2016 - OOTP Baseball 16.9 Build 39